 Dungeon Crawl Stone Soup version 0.30.1-6-gbe392663c4 (webtiles) character file.

Game seed: 4560580081549416318

189 NullDivider the Stinger (level 5, -2/31 HPs)
             Began as an Octopode Venom Mage on Sept 20, 2023.
             Slain by a sleepcap (7 damage)
             ... on level 4 of the Dungeon.
             The game lasted 00:15:31 (3116 turns).

NullDivider the Stinger (Octopode Venom Mage)       Turns: 3116, Time: 00:15:31

Health: -2/31      AC:  1    Str:  8    XL:     5   Next: 68%
Magic:  9/9        EV: 14    Int: 23    God:
Gold:   80         SH:  0    Dex: 14    Spells: 3/9 levels left

rFire   . . .        f - +2 dagger (vamp)
rCold   . . .        (no shield)
rNeg    . . .        (helmet restricted)
rPois   .            (no amulet)
rElec   .            c - +6 ring of intelligence
rCorr   .            (no ring)
SInv    .            (no ring)
Will    .....        (no ring)
Stlth   ++++         (no ring)
HPRegen 0.25/turn    (no ring)
MPRegen 0.11/turn    (no ring)
                     (no ring)

%: no passive effects
@: no status effects
A: almost no armour, amphibious, 8 rings, camouflage 1, gelatinous body 1,
(nimble swimmer 1), tentacles
a: no special abilities


You were on level 4 of the Dungeon.
You visited 1 branch of the dungeon, and saw 4 of its levels.

You collected 80 gold pieces.

Inventory:

Hand Weapons
 f - a +2 vampiric dagger (weapon)
Jewellery
 c - a +6 ring of intelligence (left tentacle)
Scrolls
 b - 2 scrolls of teleportation {unknown}
 h - a scroll of fog {unknown}
 j - a scroll of silence {unknown}
 k - a scroll of noise {unknown}
 l - a scroll of blinking {unknown}
 m - a scroll of amnesia {unknown}
Potions
 a - 3 potions of magic
 d - a potion of curing {unknown}
 e - 2 potions of invisibility {unknown}
 g - a potion of resistance {unknown}
 i - a potion of lignification {unknown}
 n - a potion of might {unknown}


   Skills:
 + Level 1.3 Short Blades
 + Level 3.0 Dodging
 + Level 4.1 Stealth
 + Level 2.8 Spellcasting
 - Level 1.0 Transmutations
 + Level 1.7 Air Magic
 + Level 4.6 Poison Magic


You had 3 spell levels left.
You knew the following spells:

 Your Spells              Type           Power      Damage    Failure   Level
a - Sting                 Tmut/Pois      64%        1d6       3%          1
b - Poisonous Vapours     Pois/Air       34%        N/A       4%          2
c - Mephitic Cloud        Conj/Pois/Air  13%        N/A       14%         3

Your spell library contained the following spells:

 Spells                   Type           Power      Damage    Failure   Level
 Olgreb's Toxic Radiance  Pois           24%        N/A       19%         4


Dungeon Overview and Level Annotations

Branches:
Dungeon (4/15)
 Temple: D:4-7

Altars:
Xom


Innate Abilities, Weirdness & Mutations

You cannot wear most types of armour.
You are amphibious.
You can wear up to eight rings at the same time.
Your skin changes colour to match your surroundings (Stealth+).
Your rubbery body absorbs attacks. (AC +1, EV +1)
((You are camouflaged when in or above water. (Stealth+)))
You have tentacles for arms and can constrict up to eight enemies at once.


Message History

A sleepcap comes into view.
You see here 9 gold pieces.
Casting: Sting (safe; 3% risk of failure)
Confirm with . or Enter, or press ? or * to list all spells.
Aiming: Sting (safe; 3% risk of failure)
Press: ? - help, Shift-Dir - straight line, f - sleepcap
Aim: a sleepcap (100% to hit)
The sting hits the sleepcap but does no damage.
The sleepcap is poisoned.
Casting: Sting (safe; 3% risk of failure)
Confirm with . or Enter, or press ? or * to list all spells.
Aiming: Sting (safe; 3% risk of failure)
Press: ? - help, Shift-Dir - straight line, f/p - sleepcap
Aim: a sleepcap (lightly damaged, poisoned, 100% to hit)
The sting hits the sleepcap.
The sleepcap partially resists.
The sleepcap looks even sicker.
The sleepcap is lightly damaged.
The sleepcap attacks as you move away! The sleepcap barely misses you.
The sleepcap attacks as you move away! The sleepcap releases spores at you.
The sleepcap attacks as you move away! The sleepcap misses you.
The sleepcap looks more healthy.
The sleepcap attacks as you move away! The sleepcap releases spores at you!
You hit the sleepcap but do no damage. You grab the sleepcap.
You squeeze the sleepcap, but do no damage.
The sleepcap is heavily damaged.
You constrict the sleepcap, but do no damage.
The sleepcap releases spores at you.
You are engulfed in a cloud of soporific spores!
You fall asleep.
You lose your grip on the sleepcap.
The sleepcap releases spores at you!
You wake up.
* * * LOW HITPOINT WARNING * * *
You hit the sleepcap but do no damage. You grab the sleepcap.
The sleepcap is heavily damaged.
You constrict the sleepcap. The sleepcap closely misses you.
You hit the sleepcap.
You feel better.
You squeeze the sleepcap.
The sleepcap is severely damaged.
You constrict the sleepcap, but do no damage.
The sleepcap releases spores at you!
You die...

..........#.#
............#
............## ...
............).# ...
8. #..........# ....
..#..........# .....
.............## ##..#
..##..........###...#
#.......@f.....#
#..<......###.##
##.......## #..# ####
#......## ##.##...##
##..8.## #.......#
##...# ##.......#
#.8.# ##.......##
#...#####.......##
.8.##.........>#


You could see a sleepcap.

Vanquished Creatures
  Natasha (thrice) (D:2)
  An orc wizard (D:3)
  2 adders
  2 worms
  A dart slug (D:3)
  4 orcs (D:3)
  5 endoplasms
  A giant cockroach (D:1)
  7 goblins
  7 hobgoblins
  2 jackals (D:1)
  3 quokkas
  6 ball pythons
  6 bats
  3 kobolds
  7 rats
60 creatures vanquished.

Notes
Turn   | Place    | Note
-------+----------+-------------------------------------------
     0 | D:1      | NullDivider the Octopode Venom Mage began the quest for the
                  | Orb.
     0 | D:1      | Reached XP level 1. HP: 11/11 MP: 3/3
   114 | D:1      | Reached XP level 2. HP: 17/17 MP: 1/5
   154 | D:1      | Learned a level 2 spell: Poisonous Vapours
   684 | D:1      | Reached XP level 3. HP: 21/21 MP: 4/6
   688 | D:1      | Learned a level 3 spell: Mephitic Cloud
  1126 | D:2      | Found a shimmering altar of Xom.
  1244 | D:2      | Noticed Natasha
  1269 | D:2      | Killed Natasha
  1270 | D:2      | Reached skill level 1 in Air Magic
  1270 | D:2      | Reached XP level 4. HP: 27/27 MP: 7/7
  1889 | D:2      | Noticed Natasha
  1908 | D:2      | Killed Natasha
  2129 | D:2      | Noticed Natasha
  2136 | D:2      | Killed Natasha
  2137 | D:2      | Reached skill level 1 in Short Blades
  2137 | D:2      | Reached XP level 5. HP: 23/31 MP: 5/9
  3116 | D:4      | Slain by a sleepcap

Illustrated notes

Levels and vault maps discovered:
D:1:      lightli_arrival_statuegarden, layout_rooms, minmay_indecisive_spiral
D:2:      layout_loops_ring, serial_glass, glass_columns_c, glass_columns_b,
          item_on_display_b, due_unseen_surprise, minmay_strange_pillars,
          item_on_display_a, basic_altar, uniq_natasha, uniq_crazy_yiuf_cottage
D:3:      layout_loops_ring
D:4:      layout_cave_pods, minmay_temple_entry_glassed_door, serial_shops,
          shop, serial_column_ruins, column_ruins_hut_pillars,
          column_ruins_grid_1, column_ruins_open_tiny,
          column_ruins_columns_straight, column_ruins_open_large,
          column_ruins_columns_straight, column_ruins_open_small,
          hellmonk_ghost_happy_afterlife

Skill      XL: |  1  2  3  4  5 |
---------------+----------------+-----
Stealth        | 3 4 |  4.1
Poison Magic   | 4 |  4.6
Air Magic      | 1 |  1.7
Short Blades   | 1 |  1.3
Dodging        | 3 |  3.0
Spellcasting   | |  2.8
Transmutations | |  1.0

Action                     |  1- 3 |  4- 6 || total
---------------------------+-------+-------++-------
  Melee: Unarmed           |    38 |       ||    38
         Constrict         |    13 |    12 ||    25
         Tentacles         |    10 |     8 ||    18
         Dagger            |     3 |    41 ||    44
   Cast: Sting             |    40 |    19 ||    59
         Poisonous Vapours |     1 |     8 ||     9
   Stab: Sleeping          |     2 |     8 ||    10
 Armour: Skin              |     3 |     3 ||     6
  Dodge: Dodged            |    27 |    20 ||    47
